 Dungeon Crawl Stone Soup version 0.28.0-43-g3370ac3207 (webtiles) character file.

Game seed: 7199033632997157967

601 Zeld the Magician (level 7, -1/36 HPs)
             Began as a Deep Elf Fire Elementalist on Mar 15, 2022.
             Succumbed to a scorpion's poison
             ... on level 4 of the Dungeon.
             The game lasted 00:03:37 (6737 turns).

Zeld the Magician (Deep Elf Fire Elementalist)      Turns: 6737, Time: 00:03:38

Health: -1/36      AC:  3    Str:  5    XL:     7   Next: 18%
Magic:  22/27      EV: 13    Int: 22    God:
Gold:   91         SH:  0    Dex: 15    Spells: 11/18 levels left

rFire   . . .      SeeInvis .   (no weapon)
rCold   . . .      Faith    .   (no shield)
rNeg    . . .      Spirit   .   a - +0 robe
rPois   .          Reflect  .   (no helmet)
rElec   .          Harm     .   (no cloak)
rCorr   .          Rampage  .   (no gloves)
Will    .....                   d - +0 pair of boots
Stlth   +++.......              (no amulet)
HPRegen 0.12/turn               q - ring of magical power
MPRegen 0.20/turn               (no ring)

@: brilliant, lethally poisoned (-1 -> -10)
A: no striking features
a: no special abilities


You were on level 4 of the Dungeon.
You visited 1 branch of the dungeon, and saw 5 of its levels.

You collected 216 gold pieces.
You spent 125 gold pieces at shops.

Inventory:

Armour
 a - a +0 robe (worn)
 d - a +0 pair of boots (worn)
Jewellery
 q - a ring of magical power (left hand)
Wands
 t - a wand of iceblast (9)
Scrolls
 b - a scroll of enchant weapon
 c - 2 scrolls of amnesia
 h - a scroll of fear {unknown}
 j - 2 scrolls of enchant armour {unknown}
 l - 3 scrolls of immolation {unknown}
 n - a scroll of vulnerability {unknown}
 r - a scroll of magic mapping
 s - 2 scrolls of teleportation
 u - a scroll of identify
Potions
 e - a potion of lignification {unknown}
 f - a potion of attraction {unknown}
 g - a potion of berserk rage {unknown}
 i - 2 potions of brilliance
 k - 2 potions of curing {unknown}
 m - a potion of mutation {unknown}
 o - a potion of might {unknown}
 p - a potion of flight {unknown}


   Skills:
 - Level 4.0 Dodging
 + Level 4.4 Stealth
 * Level 6.2 Spellcasting
 + Level 3.2 Conjurations
 * Level 5.6 Fire Magic


You had 11 spell levels left.
You knew the following spells:

 Your Spells              Type           Power      Damage    Failure   Level
a - Foxfire               Conj/Fire      100%       2x1d9     1%          1
b - Scorch                Fire           94%        2d9       1%          2
c - Flame Wave            Conj/Fire      39%        2d9       14%         4

Your spell library contained the following spells:

 Spells                   Type           Power      Damage    Failure   Level
 Conjure Flame            Conj/Fire      39%        6-21      4%          3
 Inner Flame              Hex/Fire       28%        N/A       9%          3
 Corpse Rot               Necr/Air       20%        N/A       14%         2
 Poisonous Vapours        Pois/Air       20%        N/A       14%         2
 Gell's Gravitas          Tloc           10%        N/A       26%         3
 Lesser Beckoning         Tloc           10%        N/A       26%         3
 Teleport Other           Tloc           10%        N/A       26%         3


Dungeon Overview and Level Annotations

Branches:
Dungeon (5/15)
 Temple: D:4-7

Altars:
Makhleb
Qazlal
Xom

Shops:
D:3 (   D:4 =?:

Annotations:
D:5 Dowan


Message History

Done waiting.
Done exploring.
Done exploring.
You climb downwards.
Level annotation: Dowan The scorpion stings you.
You are poisoned.
The scorpion poisons you!
There is a stone staircase leading up here.
Casting: Scorch (safe; 1% risk of failure)
Confirm with . or Enter, or press ? or * to list all spells.
Flames lash the scorpion.
The scorpion is heavily wounded.
The scorpion's fire resistance burns away.
You feel very sick. The scorpion stings you!
An ogre comes into view. It is wielding a +0 giant club.
The scorpion barely misses you.
Casting: Scorch (safe; 1% risk of failure)
Confirm with . or Enter, or press ? or * to list all spells.
Flames lash the scorpion but do no damage.
You feel sick. The scorpion stings you.
You are lethally poisoned!
The scorpion poisons you!
Unknown command.
Casting: Scorch (safe; 1% risk of failure)
Confirm with . or Enter, or press ? or * to list all spells.
Flames lash the scorpion.
The scorpion is burned terribly!
You kill the scorpion!
* * * LOW HITPOINT WARNING * * *
You feel very sick.
* * * LOW HITPOINT WARNING * * *
You feel very sick.
You climb upwards.
* * * LOW HITPOINT WARNING * * *
You feel very sick.
There is a stone staircase leading down here.
It was a potion of brilliance.
You feel clever all of a sudden.
You die...

.........# #..)....#
.........# #.......#
.........# #.......#
.........# #.......#
.........# #.......#
.........# #.......#
.........# #.......#
.........# #.......#
.........####...@...#
............#.......#
........###........##
........# ###.....##
.......## #.....#
.####### #....## ##
###.## # ###


There were no monsters in sight!

Vanquished Creatures
  Duvessa (D:5)
  A hornet zombie (D:5)
  A scorpion (D:5)
  A water moccasin zombie (D:5)
  2 hounds
  A centaur skeleton (D:5)
  2 iguanas
  A hound zombie (D:5)
  A hound skeleton (D:4)
  A gnoll (D:2)
  A howler monkey zombie (D:5)
  4 adders
  A white imp (D:5)
  2 worms
  A dart slug (D:2)
  3 orcs
  7 ball pythons
  4 bats
  5 endoplasms
  3 giant cockroaches (D:3)
  5 goblins
  3 hobgoblins
  2 quokkas
  2 frilled lizards (D:2)
  5 kobolds
  7 rats
67 creatures vanquished.

Vanquished Creatures (others)
  299 foxfires
299 creatures vanquished.

Grand Total: 366 creatures vanquished

Notes
Turn   | Place    | Note
-------+----------+-------------------------------------------
     0 | D:1      | Zeld the Deep Elf Fire Elementalist began the quest for the
                  | Orb.
     0 | D:1      | Reached XP level 1. HP: 10/10 MP: 6/6
   700 | D:1      | Reached XP level 2. HP: 15/15 MP: 4/8
   810 | D:1      | Learned a level 2 spell: Scorch
  1263 | D:2      | Reached XP level 3. HP: 19/19 MP: 1/10
  1740 | D:2      | Reached skill level 4 in Spellcasting
  1794 | D:2      | Found a faded altar of an unknown god.
  1814 | D:2      | Found a burning altar of Makhleb.
  2191 | D:2      | Reached XP level 4. HP: 24/24 MP: 10/12
  2235 | D:3      | Found Riunkut's Weapon Shop.
  2751 | D:3      | Found a stormy altar of Qazlal.
  2824 | D:3      | Found a shimmering altar of Xom.
  3027 | D:3      | Reached XP level 5. HP: 19/28 MP: 5/13
  3185 | D:3      | Learned a level 4 spell: Flame Wave
  3509 | D:4      | Found Qithrep's Magic Scroll Shoppe.
  3512 | D:4      | Found Vuopt's Book Boutique.
  3529 | D:4      | Bought a scroll of identify for 20 gold pieces
  3529 | D:4      | Bought a scroll of identify for 20 gold pieces
  3529 | D:4      | Bought a scroll of identify for 20 gold pieces
  3529 | D:4      | Bought a scroll of magic mapping for 35 gold pieces
  3529 | D:4      | Bought a scroll of teleportation for 30 gold pieces
  3715 | D:4      | Found Pomesm's Jewellery Emporium.
  4320 | D:5      | Entered Level 5 of the Dungeon
  4349 | D:4      | Reached skill level 5 in Spellcasting
  4855 | D:5      | Reached skill level 5 in Fire Magic
  4855 | D:5      | Reached XP level 6. HP: 32/32 MP: 15/15
  5221 | D:5      | Found a burning altar of Makhleb.
  5337 | D:5      | Noticed Duvessa
  5337 | D:5      | Noticed Dowan
  6493 | D:5      | Killed Duvessa
  6494 | D:5      | Reached skill level 6 in Spellcasting
  6494 | D:5      | Reached XP level 7. HP: 27/36 MP: 17/18
  6736 | D:4      | HP: 1/36 [poisoned by a scorpion]
  6737 | D:4      | Succumbed to a scorpion's poison

Illustrated notes

Levels and vault maps discovered:
D:1:      matt_arrival_los_fun, layout_loops_ring, chequers_garden
D:2:      layout_basic, basic_altar, serial_curves, eino_curves_01,
          eino_curves_01, basic_ecumenical_altar, kennysheep_generic_room_2
D:3:      layout_loops_ring, nicolae_qazlal_scattered_showers,
          mainiacjoe_overflow_paths, serial_shops,
          nicolae_shop_bloodbath_and_beyond, chequers_serial_rivers_small_b,
          kennysheep_generic_room_8
D:4:      layout_cave_pods, serial_shops, nicolae_shop_crystal, shop, shop
D:5:      layout_loops_ring, lemuel_zombie_altar_yredelemnul, lemuel_tele_altar,
          uniq_duvessa

Skill      XL: |  1  2  3  4  5  6 |
---------------+-------------------+-----
Stealth        | 3 4 |  4.4
Fire Magic     | 4 5 |  5.6
Spellcasting   | 4 5 6 |  6.2
Dodging        | 3 4 |  4.0
Conjurations   | 2 3 |  3.2

Action                   |  1- 3 |  4- 6 |  7- 9 || total
-------------------------+-------+-------+-------++-------
 Cast: Foxfire           |    77 |   102 |       ||   179
       Scorch            |     1 |    27 |     3 ||    31
       Flame Wave        |       |     1 |       ||     1
  Use: Scroll            |       |     3 |       ||     3
       Potion            |       |       |     1 ||     1
Armor: Robe              |     1 |     6 |       ||     7
Dodge: Dodged            |    11 |    36 |     1 ||    48
